 Dungeon Crawl Stone Soup version 0.29-a0-1065-g47a6bb87d6 (webtiles) character file.

Game seed: 2183690304748032160

6 drugrobin the Sneak (level 1, -5/18 HPs)
             Began as a Demigod Delver on Aug 18, 2022.
             Slain by a river rat (8 damage)
             ... in a sewer.
             The game lasted 00:01:54 (212 turns).

drugrobin the Sneak (Demigod Delver)                 Turns: 212, Time: 00:01:54

Health: -5/18      AC:  3    Str: 13    XL:     1   Next: 60%
Magic:  3/3        EV: 11    Int: 12    God:
Gold:   5          SH:  0    Dex: 15    Spells: 0/0 levels left

rFire   . . .      SeeInvis .   a - +0 hand axe
rCold   . . .      Faith    .   (no shield)
rNeg    . . .      Spirit   .   b - +0 leather armour
rPois   .          Reflect  .   (no helmet)
rElec   .          Harm     .   i - scarf {shadows}
rCorr   .          Rampage  .   (no gloves)
Will    .....                   (no boots)
Stlth   +++.......              (no amulet)
HPRegen 0.06/turn               (no ring)
MPRegen 0.08/turn               (no ring)

@: no status effects
A: high MP 1, forlorn, divine attributes
a: no special abilities


You were in a sewer.
You visited 1 branch of the dungeon, and saw 3 of its levels.
You also visited: Sewer.

You collected 5 gold pieces.

Inventory:

Hand Weapons
 a - a +0 hand axe (weapon)
Armour
 b - a +0 leather armour (worn)
 i - a scarf of shadows (worn)
Wands
 g - a wand of digging (2)
Scrolls
 c - a scroll of fog
 e - 2 scrolls of fear
 h - a scroll of identify {unknown}
 k - a scroll of teleportation {unknown}
Potions
 f - a potion of haste
 j - a potion of might {unknown}


   Skills:
 - Level 2.6 Fighting
 + Level 2.3 Axes
 - Level 1.7 Dodging
 - Level 4.5 Stealth


You couldn't memorise any spells.
You didn't know any spells.
Your spell library was empty.

Dungeon Overview and Level Annotations

Branches:
Dungeon (6/15)              Sewer (1/1)
 Temple: D:4-7


Innate Abilities, Weirdness & Mutations

You have an increased reservoir of magic. (+10% MP)
You shall have no god before yourself.
Your divine heritage dramatically boosts your attributes as you level up.


Message History

You barely miss the river rat.
The river rat is almost dead.
The river rat barely misses you.
Unknown command.
Unknown command.
Unknown command.
Unknown command.
You hit the river rat but do no damage.
The river rat is almost dead.
The river rat bites you but does no damage.
Unknown command.
Unknown command.
Unknown command.
Unknown command.
Unknown command.
You closely miss the river rat.
The river rat is almost dead.
The river rat barely misses you. The river rat bites you.
* * * LOW HITPOINT WARNING * * *
Unknown command.
Unknown command.
Unknown command.
Your movement speed is average.
Your attack delay is about 1.1.
Unknown command.
Unknown command.
You barely miss the river rat.
The river rat is almost dead.
The river rat barely misses you.
Unknown command.
Unknown command.
You hit the river rat but do no damage.
The river rat is almost dead.
The river rat misses you.
Unknown command.
Unknown command.
You closely miss the river rat.
You punch the river rat, but do no damage.
The river rat is almost dead.
The river rat bites you!
You die...

####
###~~.###
#†~†~...#
##~@r~~~~#
#~..###~~.
##.~##
#~.~#
#.~## #.†#
#∩∩# #~†#
#~~#


You could see a river rat.

Vanquished Creatures
  2 endoplasms (D:4)
  A kobold (D:4)
  4 rats (Sewer)
7 creatures vanquished.

Notes
Turn   | Place    | Note
-------+----------+-------------------------------------------
     0 | D:5      | drugrobin the Demigod Delver began the quest for the Orb.
     0 | D:5      | Reached XP level 1. HP: 18/18 MP: 3/3
     9 | D:5      | Noticed a hound
   142 | D:4      | Found a glowing drain.
   171 | Sewer    | Entered a sewer
   212 | Sewer    | Slain by a river rat

Illustrated notes

Levels and vault maps discovered:
D:4:      cheibrodos_pilgrimage, layout_loops_corners,
          cheibrodos_sewer_entry_bend, minmay_goblin_outpost
D:5:      layout_basic, kb_lookout_dungeons_type, uniq_duvessa
D:6:      layout_gridville, uniq_edmund, uniq_maggie
Sewer:    sewer_hellmonk_bad_rat

Skill      XL: |  1 |
---------------+----+-----
Axes           | 2 |  2.3
Fighting       | |  2.6
Dodging        | |  1.7
Stealth        | |  4.5

Action                   || total
-------------------------++-------
Melee: Hand axe          ||    35
       Punch             ||     1
Evoke: Wand              ||     1
  Use: Scroll            ||     1
       Potion            ||     1
 Stab: Sleeping          ||     2
Armor: Leather armour    ||    11
Dodge: Dodged            ||    14

Table legend: (Time is in decaauts)
 A = Elapsed time spent in this place.
 B = Non-inter-level travel time spent in this place.
 C = Inter-level travel time spent in this place.
 D = Time resting spent in this place.
 E = Time spent auto-exploring this place.
 F = Levels seen in this place.
 G = Mean time per level.
                   A        B        C        D        E       F      G
               +--------+--------+--------+--------+--------+-----+--------+
         Total |    220 |    220 |      0 |      0 |      7 |   4 |   55.0 |
       Dungeon |    174 |    174 |      0 |      0 |      7 |   3 |   58.0 |
         Sewer |     46 |     46 |      0 |      0 |      0 |   1 |   46.0 |
               +--------+--------+--------+--------+--------+-----+--------+

Top non-repeatable levels by time:
     D:4: 122 daAuts
   Sewer: 46 daAuts
     D:5: 32 daAuts
     D:6: 19 daAuts
